AoeStats
← majostgr

Arabia

507962129Analyzed
1v1 RM · 11d ago on Sep 20, 2026· 47m 25s· 2 players
Game mode
Random Map
Map size
Tiny (2 player)
Population
200
Speed
Normal
Resources
Standard
Victory
Conquest
Starting age
Dark Age
Ending age
Imperial Age
RankedLock teamsTeams togetherTeam positionsShared explorationLock speedFull tech treeHidden civsTurbo modeCheats
Victory
Defeat
🇫🇷 Aztecs · France
1131
+15
🇸🇰 Burgundians · Slovakia
1102
-15
majostgr
8:23 Loom
10:29 Feudal Age
9:16 Double-Bit Axe
12:03 Horse Collar
19:08 Castle Age
17:15 Gold Mining
18:54 Wheelbarrow
18:26 Scale Barding Armor
19:15 Cavalier
20:56 Chain Barding Armor
22:10 Forging
31:08 Iron Casting
36:57 Imperial Age
46:18 Plate Barding Armor
Pitchop
10:44 Feudal Age
12:30 Loom
15:31 Castle Age
13:47 Double-Bit Axe
14:02 Horse Collar
16:55 Bow Saw
17:45 Wheelbarrow
19:23 Heavy Plow
20:59 Hand Cart
21:15 Stone Mining
23:35 Fletching
29:29 Pikeman
31:07 Gold Mining
31:45 Scale Mail Armor
33:25 Forging
33:55 Eagle Warrior
35:59 Gold Shaft Mining
37:59 Squires
37:45 Arson
40:15 Iron Casting
39:55 Chain Mail Armor
39:36 Bodkin Arrow
40:44 Ballistics
40:19 Murder Holes
44:43 Imperial Age
43:05 Stone Shaft Mining
43:16 Town Watch
45:49 Conscription
46:39 Chemistry
46:27 Elite Eagle Warrior
47:58 Garland Wars
Connection lost

Rejoining the realm…

Still unreachable

The connection could not be restored.

Session expired

The server has moved on; the page needs a fresh start.